Map: Daybreak LE (Void)

Players

flyingdede

  • Race: Zerg Zerg
  • League: Master
  • Spawn Location: 7:00

oliM - Winner!

  • Race: Protoss Protoss
  • League: Grandmaster
  • Spawn Location: 1:00

VOD

Have the link to the VOD?

Description

Time

  • Played on: Dec. 4, 2016, 1:28 a.m.
  • Length: 10:38
Show
View Real Time Build Order
Export as new Build Order

flyingdede Zerg 

Build Orders: Hatch First 

Get SALT Encoding   

  12  0:01  Drone  
  13  0:10  Drone  
  14  0:19  Overlord  
  14  0:25  Extractor  
  14  0:26  Drone  
  15  0:37  Drone x2  
  17  0:49  Drone  
  18  0:59  Hatchery  
  17  1:09  Spawning Pool  
  16  1:11  Drone  
  16  1:15  Drone  
  16  1:18  Extractor  
  17  1:20  Drone  
  18  1:30  Drone  
  19  1:41  Overlord  
  19  1:56  Queen  
  19  1:58  Drone  
  19  2:00  Drone  
  23  2:13  Queen  
  23  2:14  Drone  
  26  2:16  Drone  
  26  2:19  Metabolic Boost  
  27  2:23  Zergling x2  
  27  2:27  Drone  
  29  2:36  Hatchery  
  28  2:40  Drone x2  
  30  2:47  Drone x2  
  32  2:56  Overlord  
  32  3:01  Drone  
  33  3:10  Zergling x2  
  33  3:11  Overlord  
  34  3:24  Zergling x2  
  34  3:25  Drone x6  
  41  3:28  Queen  
  41  3:31  Overlord  
  43  3:41  Evolution Chamber  
  41  3:43  Zergling x10  
  46  3:48  Spore Crawler  
  46  3:50  Spore Crawler  
  46  3:51  Drone  
  46  3:53  Drone x2  
  46  3:55  Drone  
  48  3:56  Drone x2  
  48  4:00  Lair  
  50  4:03  Extractor  
  50  4:08  Extractor, Drone x2  
  50  4:09  Extractor  
  49  4:14  Spore Crawler  
  49  4:15  Drone x2  
  50  4:17  Drone  
  50  4:18  Drone  
  52  4:28  Zerg Missile Weapons Level 1  
  52  4:33  Roach Warren  
  52  4:35  Drone x4  
  55  4:43  Drone x2  
  55  4:45  Overlord x2  
  57  4:54  Overlord x2  
  57  5:07  Drone x3  
  57  5:09  Drone  
  57  5:10  Drone x2  
  63  5:19  Roach x7  
  77  5:21  Glial Reconstitution  
  70  5:37  Roach x6  
  80  5:45  Drone x3  
  80  5:46  Drone x2  
  68  6:00  Drone  
  68  6:01  Drone x3  
  68  6:02  Queen  
  66  6:11  Overseer  
  65  6:13  Drone x3  
  67  6:18  Drone x2  
  67  6:19  Drone x5  
  67  6:22  Queen  
  76  6:28  Drone x2  
  76  6:30  Zerg Missile Weapons Level 2  
  78  6:33  Drone x2  
  80  6:54  Overlord x5  
  80  6:56  Tunneling Claws  
  80  7:13  Roach  
  80  7:15  Roach x7  
  96  7:23  Roach x2  
  98  7:30  Queen  
  98  7:33  Drone x6  
  98  7:36  Extractor  
  105  7:38  Burrow  
  105  7:45  Roach x6  
  117  8:10  Roach x2  
  117  8:11  Overlord  
  117  8:12  Overlord x3  
  121  8:33  Roach x8  
  121  8:34  Roach x6  
  149  8:36  Overseer  
  129  9:04  Roach  
  129  9:05  Roach x11  
  135  9:17  Roach x3  
  133  9:24  Hatchery  
  128  9:31  Roach  
  128  9:35  Roach  
  128  9:36  Roach x6  
  142  9:54  Roach  
  142  9:55  Roach  
  142  9:56  Overlord x3  
  144  10:10  Roach  
Show
View Real Time Build Order
Export as new Build Order

oliM Protoss - Winner!

Build Orders: 1 Gate Expand, Zealot Archon, Dark Templar Rush 

Get SALT Encoding   

  12  0:01  Probe (Chrono Boost)  
  13  0:12  Probe (Chrono Boost)  
  14  0:17  Pylon  
  14  0:22  Probe (Chrono Boost)  
  15  0:36  Probe (Chrono Boost)  
  15  0:39  Gateway  
  16  0:46  Probe (Chrono Boost)  
  16  0:48  Assimilator  
  18  0:57  Probe (Chrono Boost)  
  18  1:08  Probe (Chrono Boost)  
  19  1:25  Nexus  
  19  1:32  Cybernetics Core  
  19  1:35  Probe (Chrono Boost)  
  20  1:42  Assimilator  
  20  1:46  Probe (Chrono Boost)  
  21  1:54  Pylon  
  21  1:57  Probe (Chrono Boost)  
  22  2:07  Probe (Chrono Boost)  
  23  2:10  Warp Gate  
  23  2:12  Zealot  
  25  2:22  Twilight Council  
  25  2:24  Probe (Chrono Boost)  
  26  2:35  Probe (Chrono Boost)  
  27  2:37  Probe (Chrono Boost)  
  28  2:44  Stalker  
  28  2:45  Probe (Chrono Boost)  
  28  2:48  Probe (Chrono Boost)  
  32  2:56  Probe (Chrono Boost)  
  32  2:57  Pylon  
  33  2:59  Probe (Chrono Boost)  
  34  3:07  Probe (Chrono Boost)  
  34  3:09  Probe (Chrono Boost)  
  36  3:16  Robotics Facility  
  36  3:17  Probe (Chrono Boost)  
  37  3:20  Probe (Chrono Boost)  
  38  3:28  Probe (Chrono Boost)  
  38  3:29  Dark Shrine  
  39  3:34  Probe (Chrono Boost)  
  39  3:38  Probe (Chrono Boost)  
  41  3:45  Probe (Chrono Boost)  
  42  3:49  Probe (Chrono Boost)  
  42  3:55  Gateway x2  
  43  3:58  Gateway, Probe (Chrono Boost)  
  43  4:00  Probe (Chrono Boost)  
  45  4:02  Assimilator  
  45  4:04  Assimilator  
  45  4:08  Warp Prism (Chrono Boost)  
  47  4:12  Pylon  
  47  4:13  Probe  
  47  4:16  Probe  
  49  4:22  Pylon  
  49  4:23  Probe  
  49  4:28  Probe  
  51  4:34  Probe  
  52  4:39  Pylon  
  52  4:40  Probe  
  52  4:44  Pylon  
  53  4:46  Observer (Chrono Boost)  
  53  4:52  Dark Templar x2  
  56  4:53  Dark Templar x2  
  56  4:55  Probe  
  56  4:58  Archon x2  
  64  5:00  Probe  
  64  5:09  Probe  
  65  5:15  Forge  
  65  5:19  Mothership Core  
  65  5:21  Probe, Pylon  
  67  5:28  Adept  
  67  5:29  Adept x3  
  67  5:32  Probe  
  76  5:55  Protoss Ground Weapons Level 1  
  76  5:58  Robotics Bay  
  76  6:00  Probe  
  75  6:06  Gateway  
  75  6:08  Blink (Chrono Boost), Gateway  
  75  6:10  Probe  
  70  6:12  Gateway  
  70  6:16  Probe  
  71  6:21  Observer (Chrono Boost)  
  71  6:22  Probe  
  71  6:24  Nexus  
  71  6:25  Pylon  
  73  6:27  Sentry  
  73  6:28  Stalker x3  
  81  6:33  Probe  
  81  6:34  Probe  
  83  6:45  Disruptor (Chrono Boost), Probe  
  83  6:46  Probe  
  88  6:54  Photon Cannon  
  88  7:00  Probe  
  88  7:01  Probe  
  90  7:08  Stalker x5  
  100  7:21  Probe  
  101  7:23  Probe  
  102  7:34  Photon Cannon  
  102  7:35  Photon Cannon, Disruptor (Chrono Boost), Probe  
  106  7:40  Pylon  
  106  7:41  Pylon  
  106  7:42  Assimilator, Protoss Ground Weapons Level 2  
  106  7:46  Assimilator, Stalker x2  
  110  7:51  Stalker  
  110  7:55  Pylon  
  112  8:04  Probe  
  113  8:06  Disruptor (Chrono Boost)  
  113  8:08  Stalker x4  
  124  8:14  Pylon  
  124  8:17  Probe  
  125  8:20  Pylon  
  125  8:26  Gateway  
  125  8:31  Stalker x3  
  131  8:37  Disruptor (Chrono Boost)  
  131  8:40  Stalker x2  
  131  8:41  Stalker  
  138  8:48  Observer Gravitic Boosters  
  136  8:59  Photon Cannon, Stalker x3  
  136  9:01  Photon Cannon  
  142  9:05  Stalker  
  142  9:06  Stalker  
  146  9:15  Photon Cannon  
  146  9:21  Photon Cannon  
  146  9:23  Photon Cannon  
  146  9:24  Stalker  
  146  9:25  Stalker x2  
  146  9:29  Observer (Chrono Boost)  
  153  9:37  Pylon  
  153  9:39  Pylon  
  153  9:50  Dark Templar  
  155  9:55  Disruptor (Chrono Boost)  
  155  9:58  Nexus  
  155  9:59  Pylon  
  158  10:00  Stalker, Pylon  
  158  10:01  Stalker  
  162  10:22  Stalker x5  
Tags
 
Add a new tag
Caveats
  • Supply blocks, unpowered buildings, or Contaminate may cause inaccurate times.
  • Supply counts are checked every 10 seconds.